 Dungeon Crawl Stone Soup version 0.28-a0-724-g66f9036eb4 (webtiles) character file.

Game seed: 1104485958138216870

30 Grim the Magician (level 3, -1/19 HPs)
             Began as a Deep Elf Hedge Wizard on Oct 26, 2021.
             Slain by an adder (2 damage)
             ... on level 2 of the Dungeon.
             The game lasted 00:03:24 (1537 turns).

Grim the Magician (Deep Elf Hedge Wizard)           Turns: 1537, Time: 00:03:25

Health: -1/19      AC:  3    Str:  7    XL:     3   Next: 5%
Magic:  5/10       EV: 12    Int: 19    God:
Gold:   102        SH:  0    Dex: 14    Spells: 7/10 levels left

rFire   . . .      SeeInvis .   a - +0 dagger
rCold   . . .      Faith    .   (no shield)
rNeg    . . .      Spirit   .   b - +0 robe
rPois   .          Reflect  .   c - +0 hat
rElec   .          Harm     .   (no cloak)
rCorr   .          Rampage  .   e - +0 pair of gloves
Will    .....                   (no boots)
Stlth   +.........              (no amulet)
HPRegen 0.06/turn               (no ring)
MPRegen 0.12/turn               (no ring)

@: lethally poisoned (-1 -> -6), very slow
A: no striking features
a: no special abilities


You were on level 2 of the Dungeon.
You visited 1 branch of the dungeon, and saw 2 of its levels.

You collected 102 gold pieces.

Inventory:

Hand Weapons
 a - a +0 dagger (weapon)
Armour
 b - a +0 robe (worn)
 c - a +0 hat (worn)
 e - a +0 pair of gloves (worn)
Scrolls
 d - 3 scrolls of identify {unknown}
 f - 3 scrolls of blinking {unknown}
 g - a scroll of fear {unknown}
 i - a scroll of teleportation {unknown}
Potions
 h - a potion of might {unknown}
 j - a potion of invisibility {unknown}


   Skills:
 - Level 2.4 Dodging
 - Level 2.4 Stealth
 - Level 4.4 Spellcasting
 + Level 3.3 Conjurations
 + Level 1.1 Summonings
 - Level 1.1 Translocations


You had 7 spell levels left.
You knew the following spells:

 Your Spells              Type           Power      Damage    Failure   Level
a - Magic Dart            Conj           68%        1d6       3%          1
b - Call Imp              Summ           8%         N/A       12%         2

Your spell library contained the following spells:

 Spells                   Type           Power      Damage    Failure   Level
 Beastly Appendage        Tmut           8%         N/A       13%         1
 Blink                    Tloc           16%        N/A       13%         2
 Slow                     Hex            4%         N/A       21%         2
 Wereblood                Tmut           4%         N/A       21%         2
 Conjure Flame            Conj/Fire      10%        6-21      21%         3
 Mephitic Cloud           Conj/Pois/Air  8%         N/A       26%         3
 Spider Form              Tmut/Pois      2%         N/A       36%         3


Dungeon Overview and Level Annotations

Branches:
Dungeon (2/15)

Altars:


Message History

Casting: Magic Dart (safe; 3% risk of failure)
Confirm with . or Enter, or press ? or * to list all spells.
Aiming: Magic Dart (safe; 3% risk of failure)
Press: ? - help, Shift-Dir - straight line, f/p - worm
Aim: a worm (moderately wounded, 100% to hit)
The magic dart hits the worm.
The worm is heavily wounded.
The adder hisses angrily.
You enter the shallow water.
Moving in this stuff is going to be slow.
The adder misses you. The adder closely misses you.
The adder bites you but does no damage. x2
The adder bites you but does no damage. The adder bites you.
The adder barely misses you. The adder barely misses you.
The adder barely misses you. The adder bites you. The adder misses you.
The adder bites you. The adder closely misses you. x2
The adder misses you. The adder closely misses you.
The adder bites you but does no damage. The adder barely misses you.
The adder misses you. The adder closely misses you.
The adder barely misses you. The adder bites you.
* * * LOW HITPOINT WARNING * * *
You are poisoned.
The adder poisons you! The adder bites you.
* * * LOW HITPOINT WARNING * * *
You are lethally poisoned!
The adder poisons you!
* * * LOW HITPOINT WARNING * * *
You feel very sick. The adder misses you.
* * * LOW HITPOINT WARNING * * *
You feel very sick. The adder bites you but does no damage.
* * * LOW HITPOINT WARNING * * *
You feel sick. The adder barely misses you. The adder bites you.
You die...

####.....# #≈≈≈≈≈# #...........
...#.....## #≈≈≈≈≈# #......)....
...#......# ##≈≈≈≈# #.......####
...#......## #≈≈≈≈## #.......#...
........#..# #≈≈≈≈≈# #########.##
.##.....##.# #≈≈≈≈≈# #.#.
###.....##.####≈≈≈≈## #.#.
#.........# #≈S≈≈≈# #...#.#.
###.........###≈@≈≈≈######...#.#.
..............88≈≈≈≈≈88..#.....#.
...............................#.
....).........S............#...##
.........##...88≈≈≈≈≈88..#<.....#
#..#####.##.#####≈≈≈≈...........#
#P.#.........# #≈≈≈≈≈..#..#....#
#..#..#.#.#..# #≈≈≈≈≈........###
#..#.........# #≈≈≈≈#..#..### #


You could see an adder and a ball python (wandering).

Vanquished Creatures
  A worm (D:2)
  6 endoplasms
  A goblin (D:2)
  6 hobgoblins
  A kobold (D:2)
  2 quokkas
  2 ball pythons
  2 frilled lizards (D:2)
  2 rats (D:1)
23 creatures vanquished.

Vanquished Creatures (others)
  A plant (D:2)
1 creature vanquished.

Grand Total: 24 creatures vanquished

Notes
Turn   | Place    | Note
-------+----------+-------------------------------------------
     0 | D:1      | Grim the Deep Elf Hedge Wizard began the quest for the Orb.
     0 | D:1      | Reached XP level 1. HP: 10/10 MP: 7/7
   316 | D:1      | Found a faded altar of an unknown god.
   386 | D:1      | Reached XP level 2. HP: 15/15 MP: 1/9
  1263 | D:2      | Reached XP level 3. HP: 19/19 MP: 4/10
  1266 | D:2      | Learned a level 2 spell: Call Imp
  1537 | D:2      | Slain by an adder

Illustrated notes

Levels and vault maps discovered:
D:1:      kennysheep_arrival_seaside, layout_rooms,
          chequers_ecumenical_altar_island, minmay_splitting_lines
D:2:      wander_river, layout_basic, serial_co_window_serial,
          co_window_paths_a, co_window_paths_b, co_window_paths_b,
          co_window_corner_a, co_window_paths_a, co_window_of_opportunity_c,
          co_window_cross_2, co_window_cross_3, glass_columns_b,
          glass_columns_c, glass_columns_a, glass_columns_c, corexii_shack

Skill      XL: |  1  2 |
---------------+-------+-----
Conjurations   | 2 3 |  3.3
Dodging        | |  2.4
Stealth        | |  2.4
Spellcasting   | |  4.4
Summonings     | |  1.1
Translocations | |  1.1

Action                   || total
-------------------------++-------
 Cast: Magic Dart        ||    75
       Call Imp          ||     1
Armor: Robe              ||     6
Dodge: Dodged            ||    19

Table legend: (Time is in decaauts)
 A = Elapsed time spent in this place.
 B = Non-inter-level travel time spent in this place.
 C = Inter-level travel time spent in this place.
 D = Time resting spent in this place.
 E = Time spent auto-exploring this place.
 F = Levels seen in this place.
 G = Mean time per level.
                   A        B        C        D        E       F      G
               +--------+--------+--------+--------+--------+-----+--------+
         Total |   1562 |   1523 |     39 |     73 |   1199 |   2 |  781.0 |
       Dungeon |   1562 |   1523 |     39 |     73 |   1199 |   2 |  781.0 |
               +--------+--------+--------+--------+--------+-----+--------+

Top non-repeatable levels by time:
     D:2: 915 daAuts
     D:1: 646 daAuts
